 Dungeon Crawl Stone Soup version 0.27.1-37-g7b29ead8ac (webtiles) character file.

Game seed: 15444946234560854879

184 tkbsonic5 the Stinger (level 5, 0/42 HPs)
             Began as a Kobold Venom Mage on July 10, 2023.
             Slain by an orc (1 damage)
             ... on level 4 of the Dungeon.
             The game lasted 00:10:48 (4510 turns).

tkbsonic5 the Stinger (Kobold Venom Mage)           Turns: 4510, Time: 00:10:49

Health: 0/42       AC: 22    Str:  6      XL:     5   Next: 96%
Magic:  3/9        EV:  0    Int: 16 (17) God:
Gold:   207        SH:  0    Dex: 15      Spells: 4/10 levels left

rFire    . . .     SeeInvis +   f - +0 hunting sling
rCold    . . .     Faith    .   (shield restricted)
rNeg     + + +     Spirit   .   (armour currently unavailable)
rPois    +         Reflect  .   (helmet currently unavailable)
rElec    .         Harm     .   (cloak currently unavailable)
rCorr    .         Rampage  .   (gloves currently unavailable)
Will     .....     NoTele   +   (boots currently unavailable)
Stlth    +++.......             (no amulet)
HPRegen  0.14/turn              e - ring of see invisible
MPRegen  0.11/turn              (no ring)

@: tree-form (expiring), on berserk cooldown, slowed, constricted, very slow
A: stationary, stasis, torment immunity, boosted hp, small, no large weapons,
nightstalker 3
a: no special abilities


You were on level 4 of the Dungeon.
You were a tree.
You visited 1 branch of the dungeon, and saw 4 of its levels.

You collected 207 gold pieces.

Inventory:

Hand Weapons
 f - a +0 hunting sling (weapon)
Missiles
 c - 15 sling bullets (quivered ammo)
 d - 10 poisoned darts
 l - 4 boomerangs
 n - a throwing net
Armour
 a - a +0 robe (melded)
 o - a +0 pair of gloves (melded)
Jewellery
 e - a ring of see invisible (left branch)
Scrolls
 b - a scroll of teleportation
 g - 2 scrolls of identify {unknown}
Potions
 h - a potion of flight
 j - 2 potions of lignification
 m - a potion of berserk rage


   Skills:
 * Level 1.5 Slings
 + Level 2.6 Dodging
 - Level 3.2 Stealth
 + Level 3.1 Spellcasting
 * Level 1.5 Conjurations
 - Level 1.6 Transmutations
 * Level 1.8 Air Magic
 * Level 3.9 Poison Magic


You had 4 spell levels left.
You knew the following spells:

 Your Spells              Type           Power      Damage    Failure   Level
a - Sting                 Tmut/Pois      44%        1d5       6%          1
b - Poisonous Vapours     Pois/Air       22%        N/A       9%          2
c - Mephitic Cloud        Conj/Pois/Air  10%        N/A       21%         3

Your spell library contained the following spells:

 Spells                   Type           Power      Damage    Failure   Level
 Corpse Rot               Necr/Air       N/A        N/A       19%         2
 Olgreb's Toxic Radiance  Pois           15%        N/A       36%         4
 Freezing Cloud           Conj/Ice/Air   3%         6-21      97%         5


Dungeon Overview and Level Annotations

Branches:
Dungeon (4/15)
 Temple: D:4-7

Altars:
Cheibriados

Shops:
D:2 [

Annotations:
D:3 3 runed translucent doors


Innate Abilities, Weirdness & Mutations

You are a tree.
Your roots penetrate the ground, keeping you stationary.
You cannot be teleported.
You are immune to unholy pain and torment.
Your maximum health is greatly increased.
Your equipment is partially melded.
You are small and have problems with some larger weapons.
You are completely attuned to the shadows.


Message History

The ball python constricts you.
Unknown command.
You clumsily bash the orc.
You kill the orc!
The goblin hits you but does no damage.
The ball python bites you but does no damage.
The ball python constricts you. The goblin hits you but does no damage.
Unknown command.
You closely miss the goblin. The goblin hits you but does no damage.
The ball python bites you but does no damage.
The ball python constricts you.
You clumsily bash the goblin.
You kill the goblin!
You are no longer berserk.
You are exhausted.
You feel yourself slow down.
The ball python bites you but does no damage.
The ball python constricts you.
You completely miss the orc.
Your transformation is almost over.
The ball python bites you but does no damage.
The ball python constricts you.
An orc comes into view. It is wielding a +0 war axe.
The orc hits you but does no damage.
The ball python bites you but does no damage.
The ball python constricts you. The orc hits you but does no damage.
The ball python bites you but does no damage.
The ball python constricts you.
You clumsily bash the orc but do no damage.
The ball python bites you but does no damage.
The ball python constricts you. The orc hits you but does no damage.
The ball python bites you but does no damage.
The ball python constricts you.
* * * LOW HITPOINT WARNING * * *
The orc hits you but does no damage. x2
The ball python bites you but does no damage.
The ball python constricts you.
You clumsily bash the orc but do no damage.
The orc hits you with a +0 club.
You die...

###..# #....# ##..###
.(.( ##..>..# ....
#......# ..#
#..##..###..#.
####..#...#......
######......).....#...
#...#.......♣o..(.# ..
#...........So..#... .
...............##...#
....#.......(..##....
>.###...#...##.. ....
###..... ....##.......
.............
....#........


You could see 2 orcs and a ball python.

Vanquished Creatures
  An ogre (D:4)
  A gnoll (D:1)
  2 adders
  A worm (D:2)
  A dart slug (D:1)
  5 orcs
  5 ball pythons
  7 bats
  3 endoplasms
  5 giant cockroaches
  7 goblins
  4 hobgoblins
  3 jackals (D:3)
  2 quokkas
  2 frilled lizards (D:1)
  4 kobolds
  6 rats
59 creatures vanquished.

Notes
Turn   | Place    | Note
-------+----------+-------------------------------------------
     0 | D:1      | tkbsonic5 the Kobold Venom Mage began the quest for the
                  | Orb.
     0 | D:1      | Reached XP level 1. HP: 10/10 MP: 3/3
    60 | D:1      | Reached XP level 2. HP: 13/15 MP: 1/5
   235 | D:1      | Learned a level 2 spell: Poisonous Vapours
   576 | D:1      | Reached XP level 3. HP: 19/19 MP: 0/6
   580 | D:1      | Learned a level 3 spell: Mephitic Cloud
  1153 | D:1      | Found a faded altar of an unknown god.
  1781 | D:2      | Reached XP level 4. HP: 18/24 MP: 0/8
  2556 | D:2      | Found Obeosh's Armour Boutique.
  3571 | D:3      | Found a runed translucent gate.
  3571 | D:3      | Found a runed translucent gate.
  3582 | D:3      | Found a runed translucent gate.
  3839 | D:3      | Reached skill level 1 in Air Magic
  4039 | D:3      | Found a snail-covered altar of Cheibriados.
  4399 | D:4      | Reached skill level 1 in Slings
  4478 | D:4      | Noticed an ogre
  4494 | D:4      | HP: 1/24 [constriction (1)]
  4503 | D:4      | Killed an ogre
  4504 | D:4      | Reached skill level 1 in Conjurations
  4504 | D:4      | Reached XP level 5. HP: 5/28 MP: 2/9
  4504 | D:4      | HP: 1/63 [orc (4)]
  4509 | D:4      | HP: 1/42 [constriction (1)]
  4510 | D:4      | Slain by an orc

Illustrated notes

Levels and vault maps discovered:
D:1:      lemuel_arrival_funnel, layout_basic,
          hellmonk_ecumenical_altar_inner_sanctum, minmay_liquid_box
D:2:      layout_basic, serial_shops, shop
D:3:      layout_rooms, mainiacjoe_overflow_boulevard,
          ebering_ghost_rock_garden, minmay_ruptured
D:4:      layout_cave_pools, minmay_temple_entry_gardened_gates

Skill      XL: |  1  2  3  4 |
---------------+-------------+-----
Stealth        | 3 |  3.2
Air Magic      | 1 |  1.8
Slings         | 1 |  1.5
Spellcasting   | 3 |  3.1
Conjurations   | 1 |  1.5
Dodging        | |  2.6
Transmutations | |  1.6
Poison Magic   | |  3.9

Action                   |  1- 3 |  4- 6 || total
-------------------------+-------+-------++-------
Melee: Unarmed           |     1 |       ||     1
       Hunting sling     |       |    12 ||    12
 Fire: Hunting sling     |    23 |    73 ||    96
 Cast: Sting             |    27 |     1 ||    28
       Poisonous Vapours |    28 |    28 ||    56
       Mephitic Cloud    |       |     5 ||     5
  Use: Potion            |       |     6 ||     6
       Scroll            |       |     2 ||     2
Armor: Robe              |     5 |     5 ||    10
       Skin              |       |    40 ||    40
Dodge: Dodged            |    20 |    39 ||    59
